 Dungeon Crawl Stone Soup version 0.22-a0-42-g002c468 (webtiles) character file.

70 Timinator the Insei (level 4, -1/34 HPs)
             Began as a Vampire Transmuter on Jan 5, 2018.
             Slain by Purgy (7 damage)
             ... in a sewer.
             The game lasted 00:14:32 (1222 turns).

Timinator the Insei (Vampire Transmuter)            Turns: 1222, Time: 00:14:33

Health: -1/34      AC:  2    Str:  9    XL:     4   Next: 4%
Magic:  6/7        EV: 18    Int: 15    God:
Gold:   55         SH:  0    Dex: 20    Spells: 7/8 levels left

rFire    . . .     SeeInvis +     - Unarmed
rCold    . . .     Gourm    .   (no shield)
rNeg     . . .     Faith    .   b - +0 robe
rPois    .         Spirit   .   (no helmet)
rElec    .         Reflect  .   (no cloak)
rCorr    .         Harm     .   (no gloves)
MR       .....                  (no boots)
Stlth    +++.......             (no amulet)
HPRegen  0.31/turn              (no ring)
MPRegen  0.10/turn              (no ring)

@: agile, appendage, regenerating quickly
A: fangs 3, horns 2, see invisible, unbreathing
a: End Transformation


You were in a sewer.
You were full.
You had grown temporary horns.
You visited 1 branch of the dungeon, and saw 3 of its levels.
You also visited: Sewer.

You collected 55 gold pieces.

Inventory:

Missiles
 a - 52 arrows
Armour
 b - a +0 robe (worn)
Scrolls
 e - a scroll of identify
 h - a scroll of blinking {unknown}
 i - a scroll of fear {unknown}
Potions
 d - 14 potions of blood
 j - a potion of agility
Books
 c - a book of Changes

   Spells                             Type                      Level
   a - Beastly Appendage              Transmutation                1
   b - Sticks to Snakes               Transmutation                2
   c - Spider Form                    Transmutation/Poison         3
   d - Ice Form                       Ice/Transmutation            4
   e - Blade Hands                    Transmutation                5


   Skills:
 + Level 2.3 Fighting
 + Level 2.4 Dodging
 * Level 3.8 Unarmed Combat
 * Level 2.5 Spellcasting
 + Level 2.4 Transmutations


You had 7 spell levels left.
You knew the following spells:

 Your Spells              Type           Power        Failure   Level  Hunger
a - Beastly Appendage     Tmut           #.....       8%          1    #......


Dungeon Overview and Level Annotations

Branches:
Dungeon (3/15)

Altars:
Cheibriados
Hepliaklqana

Annotations:
D:2 Jessica Sewer Purgy


Innate Abilities, Weirdness & Mutations

Your natural rate of healing is unusually fast.
You have razor-sharp teeth.
You have supernaturally acute eyesight. (SInv)
You can survive without breathing.
You have a pair of horns on your head.


Message History

* * * LOW HITPOINT WARNING * * *
Purgy claws you.
* * * LOW HITPOINT WARNING * * *
You barely miss Purgy.
Purgy is moderately wounded.
Purgy hisses menacingly.
Purgy misses you. Purgy completely misses you.
Purgy claws you but does no damage.
You hit Purgy. You punch Purgy.
Purgy is heavily wounded.
Purgy closely misses you. Purgy misses you. x2
Casting: Beastly Appendage
Confirm with . or Enter, or press ? or * to list all spells.
You grow a pair of large bovine horns.
Purgy bites you.
* * * LOW HITPOINT WARNING * * *
Purgy closely misses you. Purgy misses you.
You completely miss Purgy.
Purgy is heavily wounded.
Purgy bites you!
You die...

###############
#.##.##.##∩##!#
#.##.##.##.##.#
#'##'##'##.##'##+##+#
#.........@T........#
≈≈≈≈≈≈#≈≈≈≈≈≈≈≈≈.≈≈≈≈≈≈≈≈≈#
≈≈≈≈≈≈#≈≈≈≈≈≈≈≈≈∩≈≈≈≈≈≈≈≈≈#
≈≈≈≈≈≈#≈≈≈≈≈≈≈≈≈.≈≈≈≈≈≈≈≈≈#
#######...................#
#+##+##+##+##+##+##+#


You could see Purgy.

Vanquished Creatures
  An ooze (D:1)
  A worm (D:2)
  6 orcs (D:3)
  A ball python (D:3)
  4 bats
  A giant cockroach (D:3)
  4 goblins
  10 hobgoblins
  3 jackals (D:1)
  7 kobolds
  4 frilled lizards
  9 rats
51 creatures vanquished.

Notes
Turn   | Place    | Note
-------+----------+-------------------------------------------
     0 | D:1      | Timinator the Vampire Transmuter began the quest for the Orb.
     0 | D:1      | Reached XP level 1. HP: 14/14 MP: 3/3
    27 | D:1      | Reached skill level 1 in Fighting
   139 | D:1      | Reached XP level 2. HP: 16/22 MP: 5/5
   492 | D:1      | Reached XP level 3. HP: 23/27 MP: 6/6
   566 | D:1      | Found a snail-covered altar of Cheibriados.
   892 | D:2      | Noticed Jessica
  1051 | D:3      | Found a hazy altar of Hepliaklqana.
  1099 | D:3      | Found a glowing drain.
  1123 | D:3      | Reached XP level 4. HP: 34/34 MP: 7/7
  1136 | Sewer    | Entered a sewer
  1190 | Sewer    | Noticed Purgy
  1222 | Sewer    | Slain by Purgy

Vault maps used:
D:1:      dpeg_arrival_tiny_i, serial_curves, eino_curves_03, eino_curves_02,
          cheibriados_altar_1
D:2:      grunt_temple_overflow_open, minmay_fountain_box, uniq_jessica
D:3:      old_standard_altar, portal_sewer_entry_c
Sewer:    kennysheep_door_sewer

Skill      XL: |  1  2 |
---------------+-------+-----
Fighting       | 1 2 |  2.3
Dodging        | |  2.4
Unarmed Combat | |  3.8
Spellcasting   | |  2.5
Transmutations | |  2.4

Action                   |  1- 3 |  4- 6 || total
-------------------------+-------+-------++-------
Melee: Unarmed           |   158 |    32 ||   190
       Bite              |    15 |     2 ||    17
       Headbutt          |     1 |     4 ||     5
       Kick              |     7 |       ||     7
       Punch             |     1 |     1 ||     2
 Cast: Beastly Appendage |     6 |     2 ||     8
  Use: Scroll            |     1 |     3 ||     4
       Potion            |     1 |     3 ||     4
 Stab: Sleeping          |     1 |       ||     1
  Eat: Corpse            |     9 |       ||     9
Armor: Robe              |    29 |     7 ||    36
Dodge: Dodged            |    92 |    56 ||   148

Table legend:
 A = Spawn XP
 B = Non-spawn XP
 C = Spawn XP percentage of total XP
 D = Spawn monster count
 E = Non-spawn monster count
 F = Spawn count percentage of total count
 G = Total turns spent on level
                    A         B        C        D         E        F      G
               +---------+---------+-------+---------+---------+-------+---------
         Total |       0 |     101 |   0.0 |       0 |      51 |   0.0 |  1222
               +---------+---------+-------+---------+---------+-------+---------
           D:1 |       0 |      51 |   0.0 |       0 |      27 |   0.0 |   691
           D:2 |       0 |       9 |   0.0 |       0 |       3 |   0.0 |   210
           D:3 |       0 |      39 |   0.0 |       0 |      20 |   0.0 |   235
         Sewer |       0 |       2 |   0.0 |       0 |       1 |   0.0 |    86
               +---------+---------+-------+---------+---------+-------+---------
